 Dungeon Crawl Stone Soup version 0.31-a0-255-g9c3d1c461a (webtiles) character file.

Game seed: 6233807935556795603

93104 qw the Marksgargoyle (level 16, -16/109 HPs)
             Began as a Gargoyle Hexslinger on July 12, 2023.
             Was a High Priest of Okawaru.
             Demolished by a nagaraja
             ... wielding a +0 halberd
              (18 damage)
             ... on level 2 of the Snake Pit.
             The game lasted 00:09:17 (20391 turns).

qw the Marksgargoyle (Gargoyle Hexslinger)         Turns: 20391, Time: 00:09:17

Health: -16/109    AC: 37    Str: 15    XL:     16   Next: 7%
Magic:  20/23      EV: 31    Int: 17    God:    Okawaru [*****.]
Gold:   344        SH:  0    Dex: 30    Spells: 16/17 levels left

rFire   . . .        d - +9 orcbow "Utiufosi" {drain, Will+ Str+2 Int+2 Dex+2}
rCold   . . .        (shield currently unavailable)
rNeg    + . .        w - +5 ring mail "Pinu" {SInv Stlth+}
rPois   inf          q - +2 helmet
rElec   +            s - scarf of Hirr {+Inv, rElec Dex+3}
rCorr   .            c - +2 pair of gloves {Dex+3}
SInv    +            h - +2 pair of boots {Stlth+}
Will    ++...        (no amulet)
Stlth   +++++        m - +6 ring of dexterity
HPRegen 0.38/turn    g - +5 ring of evasion
MPRegen 0.18/turn

%: no passive effects
@: heroic, finesse-ful, weakened, untranslocatable, flying
A: sickness immunity, AC +12, big wings, negative energy resistance 1,
electricity resistance, torment resistance 1, petrification resistance, see
invisible, clumsy 1, passive freeze, shaggy fur 1
a: Renounce Religion, Evoke Invisibility, Heroism, Finesse, Duel


You were on level 2 of the Snake Pit.
You worshipped Okawaru.
Okawaru was extremely pleased with you.
You visited 5 branches of the dungeon, and saw 25 of its levels.
You also visited: Ossuary.

You collected 1749 gold pieces.
You spent 1405 gold pieces at shops.


Innate Abilities, Weirdness & Mutations

You are immune to sickness and miasma.
Your stone body is resilient. (AC +12)
You are immune to poison.
Your large and strong wings let you fly.
You resist negative energy. (rN+)
You are resistant to electric shocks. (rElec)
You are resistant to unholy torment.
You are immune to petrification.
You have supernaturally acute eyesight. (SInv)
You are clumsy. (Dex -2)
A frigid envelope surrounds you and freezes all who hurt you.
You are covered in fur. (AC +1)


   Skills:
 + Level 15.7(20.7) Fighting
 - Level 18.0(23.0) Ranged Weapons
 - Level 9.0(14.0) Armour
 - Level 10.0(15.0) Dodging
 - Level 1.0 Spellcasting
 - Level 2.6 Hexes
 - Level 10.0 Invocations


You had 16 spell levels left.
You knew the following spells:

 Your Spells              Type           Power      Damage    Failure   Level
a - Slow                  Hex            36%        N/A       12%         1

Your spell library contained the following spells:

 Spells                   Type           Power      Damage    Failure   Level
 Inner Flame              Hex/Fire       5%         N/A       52%         3
 Portal Projectile        Hex/Tloc       10%        N/A       52%         3
 Cause Fear               Hex            4%         N/A       75%         4

Inventory:

Hand Weapons
 d - the +9 orcbow "Utiufosi" (weapon) {drain, Will+ Str+2 Int+2 Dex+2}
   (Okawaru gifted it to you on level 9 of the Dungeon)

   Str:       It affects your strength (+2).
   Int:       It affects your intelligence (+2).
   Dex:       It affects your dexterity (+2).
   Will:      It increases your willpower.
Armour
 b - a +2 robe of fire resistance
 c - a +2 pair of gloves of dexterity (worn)
 h - a +2 pair of boots of stealth (worn)
 q - a +2 helmet (worn)
 s - the scarf of Hirr (worn) {+Inv, rElec Dex+3}
   (Okawaru gifted it to you on level 13 of the Dungeon)

   Dex:       It affects your dexterity (+3).
   rElec:     It insulates you from electricity.
 w - the +5 ring mail "Pinu" (worn) {SInv Stlth+}
   (You found it on level 14 of the Dungeon)

   SInv:      It lets you see invisible.
   Stlth:     It makes you more stealthy.
Jewellery
 g - a +5 ring of evasion (right hand)
 m - a +6 ring of dexterity (left hand)
Wands
 v - a wand of digging (6)
Scrolls
 i - 2 scrolls of enchant weapon
 k - 10 scrolls of identify
 o - 15 scrolls of teleportation
 u - 5 scrolls of enchant armour
Potions
 a - 4 potions of might
 e - a potion of resistance
 f - 11 potions of curing
 j - 4 potions of enlightenment
 l - 3 potions of cancellation
 p - a potion of magic
 r - 4 potions of haste
 z - 2 potions of mutation

Dungeon Overview and Level Annotations

Branches:
Dungeon (15/15)            Temple (1/1) D:5            Lair (5/5) D:8
  Swamp (0/4) Lair:3        Snake (1/4) Lair:2        Slime (0/5) Lair:4
    Orc (2/2) D:11            Elf (0/3) Orc:2        Vaults (0/5) D:13
 Depths (0/4) D:15        Ossuary (visited)

Altars:
Ashenzari
Cheibriados
Dithmenos
Elyvilon
Fedhas
Gozag
Hepliaklqana
Kikubaaqudgha
Makhleb
Nemelex Xobeh
Okawaru
Qazlal
Ru
Sif Muna
Trog
Uskayaw
Vehumet
Wu Jian
Xom
Yredelemnul
Zin
The Shining One
Jiyva
Lugonu

Shops:
D:2 *   D:10 [   D:11 (   D:14 :   Orc:1 ?   Orc:2 !*!?

Portals:
Abyss: Lair:5
Trove: D:14 (give +5 demon whip)

Annotations:
D:11 2 transporters, qw's ghost, journeyman MiHs
Lair:4 1 runed translucent door, qw's ghost, journeyman GrFi
Orc:2 3 runed translucent doors, qw's ghost, adept GrFi


Message History

You resist.
You shoot an arrow. The arrow hits the naga warrior.
The naga warrior is heavily wounded.
The salamander completely misses you. The salamander misses you.
You shoot an arrow.
The arrow closely misses the naga warrior.
The arrow hits the salamander!!!
The salamander is heavily wounded.
The nagaraja hits you from afar with a +0 halberd!
The salamander barely misses you.
You shoot an arrow. The naga warrior blocks the arrow.
The nagaraja hits you from afar with a +0 halberd!!
The salamander barely misses you.
You shoot an arrow.
The arrow barely misses the naga warrior.
The arrow hits the salamander!
You drain the salamander.
The salamander is severely wounded.
The naga warrior hits you but does no damage.
The naga warrior is very cold.
The naga warrior is heavily wounded.
The naga warrior closely misses you. The salamander closely misses you.
The salamander tyrant completely misses you.
You shoot an arrow. The arrow hits the naga warrior!!
You drain the naga warrior.
You kill the naga warrior!
Okawaru accepts your kill. The salamander completely misses you.
The nagaraja closely misses you.
You shoot an arrow. The arrow hits the salamander.
You drain the salamander.
The salamander is heavily wounded.
The salamander misses you. The salamander barely misses you.
You shoot an arrow. The arrow hits the salamander!!!
You kill the salamander!
Okawaru accepts your kill. The nagaraja completely misses you.
The salamander tyrant barely misses you.
The salamander misses you.
You shoot an arrow. The arrow hits the naga!
You drain the naga.
The naga is severely wounded.
The nagaraja hits you from afar with a +0 halberd!!
You die...

#..........
##..........
####...........
.....?.........
...............
.........N.....
$.....|N).....#
...$..N@)N#
.......)).#
.....N....#
#.........#
#.........#
#.........#
...#.######
..##.


You could see a nagaraja (fast, strong), a salamander tyrant (strong), 2
salamanders and a naga (strong, catching breath, drained).

Vanquished Creatures
  Saint Roka (Orc:2)
  Aizul (Snake:2)
  An ettin (Orc:1)
  A vault guard (D:13)
  A death knight (D:14)
  2 hydras (Lair:5)
  4 centaur warriors
  2 catoblepae
  3 two-headed ogres
  3 thrashing horrors (Lair:5)
  2 tengu warriors (D:15)
  6 death yaks (Lair:4)
  3 naga warriors (Snake:2)
  4 orc high priests
  Sonja (D:11)
  A skyshark (Lair:2)
  2 wizards
  4 deep elf pyromancers
  A deep elf zephyrmancer (D:15)
  A necromancer (D:15)
  5 orc knights (Orc:2)
  3 cyclopes
  A mana viper (Snake:2)
  8 orc sorcerers
  5 manticores
  2 salamanders (Snake:2)
  6 ugly things
  20 elephants
  A guardian serpent (Snake:2)
  3 smoke demons
  3 black mambas
  A torpor snail (Lair:3)
  9 cane toads
  3 gargoyles
  A kobold demonologist (D:12)
  4 centaur skeletons (D:15)
  2 unseen horrors
  2 rime drakes
  A komodo dragon (shapeshifter) (Lair:5)
  9 komodo dragons
  4 tengu conjurers
  5 trolls
  An ancient zyme (Lair:5)
  A tyrant leech (Lair:3)
  23 blink frogs
  2 polar bears
  Prince Ribbit (D:6)
  9 large abominations
  19 slime creatures
  Sigmund (D:6)
  2 shadows
  2 wraiths (D:12)
  3 ynoxinuls (Lair:5)
  3 spriggans
  6 wyverns
  2 vampires
  43 yaks
  Eustachio (D:6)
  2 fire bats (Lair:4)
  5 basilisks
  3 chaos spawn
  8 vampire mosquitoes
  A swamp worm (Lair:3)
  7 nagas
  2 wargs
  Edmund (D:6)
  An acid dragon (D:11)
  21 water moccasins
  A meliai simulacrum (D:15)
  5 black bears
  26 orc warriors
  2 sky beasts
  3 ice beasts
  16 small abominations
  6 wolves
  5 ogres
  5 centaurs
  17 bullfrogs
  A gnoll sergeant (D:10)
  7 scorpions
  9 wights
  4 killer bees (D:7)
  3 howler monkeys
  3 electric eels
  5 quasits (D:11)
  2 jellies
  A gnoll bouda (Orc:2)
  14 orc priests
  7 iguanas
  16 orc wizards
  3 hell rats (Lair:2)
  A mummy (Ossuary)
  7 adders
  15 gnolls
  A river rat (Lair:2)
  2 worms
  3 dart slugs
  51 orcs
  5 spectral bats (Ossuary)
  5 ball pythons
  12 endoplasms
  2 giant cockroaches
  4 goblins
  3 hobgoblins (D:3)
  4 jackals
  6 quokkas
  4 bats
  5 bat simulacra (Ossuary)
  4 frilled lizards
  12 gnoll zombies (Ossuary)
  5 goblin simulacra (Ossuary)
  6 goblin zombies (Ossuary)
  3 hobgoblin zombies (Ossuary)
  8 kobolds
  3 kobold simulacra (Ossuary)
  5 kobold zombies (Ossuary)
  4 orc zombies (Ossuary)
  11 rats
  3 rat simulacra (Ossuary)
  7 spectral goblins (Ossuary)
  4 spectral kobolds (Ossuary)
  2 spectral rats (Ossuary)
680 creatures vanquished.

Notes
Turn   | Place    | Note
-------+----------+-------------------------------------------
     0 | D:1      | qw the Gargoyle Hexslinger began the quest for the Orb.
     0 | D:1      | Reached XP level 1. HP: 12/12 MP: 2/2
     0 | D:1      | 0 ||| qw: Version: 0.3-a-52-g30416fa
     0 | D:1      | 0 ||| qw: Game counter: 6692
     0 | D:1      | 0 ||| qw: Melee chars always use a shield: true
     0 | D:1      | 0 ||| qw: God list: Okawaru
     0 | D:1      | 0 ||| qw: Allow faded altars: false
     0 | D:1      | 0 ||| qw: Do Orc after clearing Dungeon:15 true
     0 | D:1      | 0 ||| qw: Do second Lair branch before Depths: true
     0 | D:1      | 0 ||| qw: Lair rune preference: random
     0 | D:1      | 0 ||| qw: Goals: Normal
     0 | D:1      | 0 ||| PLANNING D:1-11
    25 | D:1      | 25 ||| FLEEEEING.
    55 | D:1      | Reached XP level 2. HP: 16/16 MP: 3/3
   196 | D:1      | Reached skill level 3 in Ranged Weapons
   259 | D:1      | 259 ||| FLEEEEING.
   590 | D:1      | 590 ||| Stepping ~*~*~tactically~*~*~ (outnumbered).
   742 | D:1      | Reached XP level 3. HP: 21/21 MP: 4/4
   755 | D:1      | 755 ||| SWAPPING to +0 arbalest.
   757 | D:1      | 757 ||| DROPPING +1 sling.
   833 | D:1      | 833 ||| READING 2 scrolls labelled GOLIORU WULLARALA.
   834 | D:1      | 834 ||| READING scroll labelled DOQILI EQODA.
   835 | D:1      | 835 ||| READING scroll labelled COSA NIDWOA.
   836 | D:1      | 836 ||| DROPPING scroll of poison.
  1174 | D:2      | Found Geanedin's Assorted Antiques.
  1183 | D:2      | 1183 ||| SHOPLISTING bronze wand (108 gold, have 78).
  1183 | D:2      | 1183 ||| SHOPLISTING lead wand (108 gold, have 78).
  1183 | D:2      | 1183 ||| BUYING scroll labelled NECRYE JACSUT (27 gold).
  1183 | D:2      | Bought a scroll labelled NECRYE JACSUT for 27 gold pieces
  1183 | D:2      | 1183 ||| BUYING scroll labelled ODWAHA AFUEL (27 gold).
  1183 | D:2      | Bought a scroll labelled ODWAHA AFUEL for 27 gold pieces
  1183 | D:2      | 1183 ||| SHOPLISTING scroll of identify (54 gold, have 24).
  1688 | D:2      | Reached skill level 4 in Ranged Weapons
  1688 | D:2      | Reached XP level 4. HP: 26/26 MP: 5/5
  1809 | D:2      | 1809 ||| UPGRADING to +0 ring mail.
  1819 | D:2      | 1819 ||| DROPPING +0 robe.
  1820 | D:2      | 1820 ||| READING scroll labelled NECRYE JACSUT.
  1821 | D:2      | 1821 ||| READING scroll labelled ODWAHA AFUEL.
  1822 | D:2      | 1822 ||| READING scroll labelled FAEFEAD BIRODO.
  1823 | D:2      | 1823 ||| READING 2 scrolls of identify.
  1823 | D:2      | 1823 ||| IDENTIFYING amethyst potion
  1857 | D:3      | Found a faded altar of an unknown god.
  2028 | D:3      | Reached skill level 1 in Armour
  2332 | D:3      | 2332 ||| UPGRADING to +0 pair of gloves of dexterity.
  2337 | D:3      | 2337 ||| UPGRADING to +6 ring of dexterity.
  2338 | D:3      | 2338 ||| READING scroll labelled JIXAIF SEOHAS.
  2339 | D:3      | 2339 ||| READING 2 scrolls labelled OCSEVYITEI.
  2340 | D:3      | 2340 ||| READING scroll of enchant weapon.
  2340 | D:3      | 2340 ||| ENCHANTING +1 arbalest of freezing.
  2341 | D:3      | 2341 ||| READING scroll labelled LYUXZATT GARI.
  2345 | D:3      | 2345 ||| READING 2 scrolls of identify.
  2345 | D:3      | 2345 ||| IDENTIFYING grey potion
  2362 | D:4      | 2362 ||| PLANNING OSSUARY
  2365 | D:4      | Reached XP level 5. HP: 30/30 MP: 6/6
  2402 | D:4      | Reached skill level 5 in Ranged Weapons
  2415 | D:4      | Reached skill level 3 in Fighting
  2415 | D:4      | Reached XP level 6. HP: 37/37 MP: 7/7
  2434 | D:4      | Noticed a water moccasin
  2440 | D:4      | Killed a water moccasin
  2485 | D:4      | Found a sand-covered staircase.
  2486 | D:4      | 2486 ||| UPGRADING to +5 ring of evasion.
  2487 | D:4      | 2487 ||| DRINKING 5 cyan potions.
  2488 | D:4      | 2488 ||| READING 2 scrolls of identify.
  2488 | D:4      | 2488 ||| IDENTIFYING fuming orange potion
  2489 | D:4      | 2489 ||| DROPPING potion of ambrosia.
  2495 | Ossuary  | Entered an ossuary
  2516 | Ossuary  | Reached skill level 6 in Ranged Weapons
  2621 | Ossuary  | 2621 ||| READING scroll of enchant armour.
  2621 | Ossuary  | 2621 ||| ENCHANTING +0 pair of gloves of dexterity.
  2624 | Ossuary  | 2624 ||| READING scroll of enchant armour.
  2624 | Ossuary  | 2624 ||| ENCHANTING +1 pair of gloves of dexterity.
  2779 | Ossuary  | 2779 ||| READING scroll labelled ANKELET REUFF.
  2780 | Ossuary  | 2780 ||| DRINKING 3 emerald potions.
  2781 | Ossuary  | 2781 ||| DROPPING 2 potions of brilliance.
  2800 | D:4      | 2800 ||| PLANNING D:1-11
  2950 | D:4      | Reached XP level 7. HP: 43/43 MP: 8/8
  2961 | D:4      | 2961 ||| READING scroll of enchant weapon.
  2961 | D:4      | 2961 ||| ENCHANTING +2 arbalest of freezing.
  3175 | D:5      | Entered Level 5 of the Dungeon
  3177 | D:5      | 3177 ||| STAIRDANCE
  3209 | D:5      | Found a basalt altar of Yredelemnul.
  3310 | D:5      | Reached skill level 7 in Ranged Weapons
  3562 | D:5      | Found a staircase to the Ecumenical Temple.
  3563 | D:5      | 3563 ||| PLANNING TEMPLE
  3563 | D:5      | 3563 ||| DRINKING 2 fizzy purple potions.
  3568 | Temple   | Entered the Ecumenical Temple
  3587 | Temple   | 3587 ||| PLANNING OKAWARU WORSHIP
  3744 | Temple   | Became a worshipper of Warmaster Okawaru
  3745 | Temple   | 3745 ||| PLANNING D:1-11
  3782 | D:5      | Found an ornate altar of the Wu Jian Council.
  3794 | D:5      | Reached skill level 8 in Ranged Weapons
  3794 | D:5      | Reached XP level 8. HP: 28/48 MP: 9/9
  4005 | D:6      | Noticed Sigmund
  4005 | D:6      | Noticed Edmund
  4011 | D:6      | Killed Edmund
  4013 | D:6      | Killed Sigmund
  4077 | D:6      | Noticed Eustachio
  4079 | D:6      | Killed Eustachio
  4080 | D:6      | Reached skill level 3 in Armour
  4165 | D:6      | Noticed Prince Ribbit
  4169 | D:6      | Killed Prince Ribbit
  4169 | D:6      | Reached * piety under Okawaru
  4170 | D:6      | Reached skill level 9 in Ranged Weapons
  4244 | D:6      | 4244 ||| INVOKING Heroism.
  4250 | D:6      | Reached skill level 6 in Fighting
  4250 | D:6      | Reached XP level 9. HP: 52/56 MP: 7/10
  4539 | D:6      | 4539 ||| INVOKING Heroism.
  4541 | D:6      | Reached skill level 3 in Dodging
  4672 | D:6      | 4672 ||| DROPPING +6 ring of strength.
  4673 | D:6      | 4673 ||| DRINKING 2 fuming green potions.
  4674 | D:6      | 4674 ||| DROPPING potion of attraction.
  4718 | D:7      | Reached skill level 1 in Invocations
  4758 | D:7      | 4758 ||| DRINKING 5 potions of curing.
  4758 | D:7      | 4758 ||| (to cure confusion)
  4759 | D:7      | 4759 ||| Stepping ~*~*~tactically~*~*~ (outnumbered).
  4762 | D:7      | 4762 ||| Stepping ~*~*~tactically~*~*~ (outnumbered).
  4764 | D:7      | 4764 ||| Stepping ~*~*~tactically~*~*~ (outnumbered).
  4767 | D:7      | 4767 ||| INVOKING Heroism.
  4892 | D:7      | Reached skill level 3 in Invocations
  5213 | D:7      | Reached skill level 10 in Ranged Weapons
  5265 | D:7      | 5265 ||| Stepping ~*~*~tactically~*~*~ (outnumbered).
  5332 | D:7      | Reached ** piety under Okawaru
  5333 | D:7      | 5333 ||| INVOKING Heroism.
  5570 | D:7      | 5570 ||| UPGRADING to +0 helmet.
  5575 | D:7      | 5575 ||| DROPPING amulet of magic regeneration.
  5576 | D:7      | 5576 ||| READING 2 scrolls labelled YZUALE NOEGETUZ.
  5617 | D:7      | 5617 ||| DROPPING scroll of torment.
  5728 | D:8      | 5728 ||| Stepping ~*~*~tactically~*~*~ (outnumbered).
  5733 | D:8      | 5733 ||| INVOKING Heroism.
  5811 | D:8      | Found a broken altar of Ashenzari.
  5818 | D:8      | Reached XP level 10. HP: 63/63 MP: 13/13
  5834 | D:8      | Found a snail-covered altar of Cheibriados.
  5867 | D:8      | 5867 ||| INVOKING Heroism.
  5900 | D:8      | Found an opulent altar of Gozag.
  6320 | D:8      | Found a staircase to the Lair.
  6321 | D:8      | 6321 ||| INVOKING Heroism.
  6324 | D:8      | Reached skill level 11 in Ranged Weapons
  6462 | D:8      | 6462 ||| PLANNING LAIR
  6462 | D:8      | 6462 ||| DRINKING 2 purple potions.
  6462 | D:8      | Gained mutation: You have a pair of small antennae on your
                  | head. [potion of mutation]
  6462 | D:8      | Gained mutation: You are frail. (-10% HP) [potion of
                  | mutation]
  6463 | D:8      | 6463 ||| DRINKING potion of mutation.
  6463 | D:8      | Lost mutation: You are frail. (-10% HP) [potion of
                  | mutation]
  6463 | D:8      | Lost mutation: You have a pair of small antennae on your
                  | head. [potion of mutation]
  6463 | D:8      | Gained mutation: You are covered in fur. (AC +1) [potion of
                  | mutation]
  6463 | D:8      | Gained mutation: You are clumsy. (Dex -2) [potion of
                  | mutation]
  6463 | D:8      | Gained mutation: You have supernaturally acute eyesight.
                  | (SInv) [potion of mutation]
  6463 | D:8      | Gained mutation: A frigid envelope surrounds you and
                  | freezes all who hurt you. [potion of mutation]
  6486 | D:8      | 6486 ||| UPGRADING to +0 helmet.
  6491 | D:8      | 6491 ||| READING 3 scrolls of identify.
  6491 | D:8      | 6491 ||| IDENTIFYING coppery potion
  6492 | D:8      | 6492 ||| READING 2 scrolls of identify.
  6492 | D:8      | 6492 ||| IDENTIFYING sapphire potion
  6493 | D:8      | 6493 ||| DROPPING potion of degeneration.
  6518 | Lair:1   | Entered Level 1 of the Lair of Beasts
  6522 | Lair:1   | 6522 ||| INVOKING Heroism.
  6562 | Lair:1   | Noticed a black mamba
  6563 | Lair:1   | 6563 ||| INVOKING Heroism.
  6566 | Lair:1   | Killed a black mamba
  6646 | Lair:1   | 6646 ||| INVOKING Heroism.
  6721 | Lair:1   | 6721 ||| INVOKING Heroism.
  6725 | Lair:1   | Reached skill level 12 in Ranged Weapons
  6804 | Lair:1   | 6804 ||| INVOKING Heroism.
  7032 | Lair:1   | Reached *** piety under Okawaru
  7217 | Lair:1   | Reached XP level 11. HP: 62/68 MP: 14/14
  7217 | Lair:1   | 7217 ||| INVOKING Heroism.
  7311 | Lair:1   | 7311 ||| INVOKING Heroism.
  7317 | Lair:1   | Reached skill level 13 in Ranged Weapons
  7341 | Lair:1   | 7341 ||| INVOKING Heroism.
  7476 | Lair:1   | 7476 ||| DROPPING ring of resist corrosion.
  7477 | Lair:1   | 7477 ||| INVOKING Heroism.
  7484 | Lair:1   | Reached skill level 9 in Fighting
  7608 | Lair:1   | 7608 ||| READING scroll labelled XUNLAKKUXT.
  7653 | Lair:2   | Noticed a skyshark
  7657 | Lair:2   | Killed a skyshark
  7700 | Lair:2   | 7700 ||| INVOKING Heroism.
  7723 | Lair:2   | 7723 ||| INVOKING Heroism.
  7838 | Lair:2   | 7838 ||| INVOKING Heroism.
  7844 | Lair:2   | Reached skill level 14 in Ranged Weapons
  7900 | Lair:2   | 7900 ||| INVOKING Heroism.
  7905 | Lair:2   | Reached **** piety under Okawaru
  7984 | Lair:2   | 7984 ||| INVOKING Heroism.
  8010 | Lair:2   | Found a staircase to the Snake Pit.
  8249 | Lair:2   | 8249 ||| READING 4 scrolls of identify.
  8249 | Lair:2   | 8249 ||| IDENTIFYING fizzy amethyst potion
  8250 | Lair:2   | 8250 ||| READING 3 scrolls of identify.
  8250 | Lair:2   | 8250 ||| IDENTIFYING orange potion
  8251 | Lair:2   | 8251 ||| READING 2 scrolls of identify.
  8251 | Lair:2   | 8251 ||| IDENTIFYING fuming grey potion
  8252 | Lair:2   | 8252 ||| DROPPING potion of invisibility.
  8266 | Lair:3   | Reached skill level 6 in Invocations
  8266 | Lair:3   | Reached XP level 12. HP: 66/77 MP: 16/16
  8266 | Lair:3   | 8266 ||| STAIRDANCE
  8270 | Lair:2   | 8270 ||| INVOKING Heroism.
  8361 | Lair:3   | 8361 ||| STAIRDANCE
  8362 | Lair:3   | 8362 ||| INVOKING Heroism.
  8369 | Lair:3   | 8369 ||| INVOKING Heroism.
  8369 | Lair:3   | HP: 17/77 [cane toad (6)]
  8370 | Lair:3   | 8370 ||| READING 9 scrolls of teleportation.
  8371 | Lair:3   | 8371 ||| DRINKING 3 potions of heal wounds.
  8372 | Lair:3   | 8372 ||| DRINKING 2 potions of heal wounds.
  8391 | Lair:3   | 8391 ||| INVOKING Heroism.
  8506 | Lair:3   | 8506 ||| INVOKING Heroism.
  8603 | Lair:3   | 8603 ||| INVOKING Heroism.
  8799 | Lair:3   | 8799 ||| INVOKING Heroism.
  8803 | Lair:3   | Noticed a catoblepas
  8812 | Lair:3   | Killed a catoblepas
  8816 | Lair:3   | Reached skill level 15 in Ranged Weapons
  8888 | Lair:3   | 8888 ||| INVOKING Heroism.
  9168 | Lair:3   | Found a staircase to the Swamp.
  9170 | Lair:3   | 9170 ||| INVOKING Heroism.
  9456 | Lair:4   | Noticed qw's ghost (journeyman GrFi)
  9459 | Lair:4   | Found a runed translucent door.
  9503 | Lair:4   | 9503 ||| INVOKING Heroism.
  9523 | Lair:4   | Noticed a death yak
  9525 | Lair:4   | Noticed a death yak
  9525 | Lair:4   | Noticed a death yak
  9525 | Lair:4   | Noticed a death yak
  9527 | Lair:4   | 9527 ||| INVOKING Heroism.
  9527 | Lair:4   | Noticed a death yak
  9530 | Lair:4   | Killed a death yak
  9530 | Lair:4   | Noticed a death yak
  9534 | Lair:4   | Killed a death yak
  9535 | Lair:4   | Reached skill level 9 in Invocations
  9537 | Lair:4   | Killed a death yak
  9543 | Lair:4   | Killed a death yak
  9545 | Lair:4   | HP: 11/77 [death yak (14)]
  9545 | Lair:4   | HP: 3/77 [death yak (8)]
  9546 | Lair:4   | 9546 ||| READING 9 scrolls of teleportation.
  9547 | Lair:4   | 9547 ||| DRINKING potion of heal wounds.
  9548 | Lair:4   | Killed a death yak
  9548 | Lair:4   | Reached ***** piety under Okawaru
  9549 | Lair:4   | Reached XP level 13. HP: 13/82 MP: 18/20
  9557 | Lair:4   | 9557 ||| READING 8 scrolls of teleportation.
  9641 | Lair:4   | 9641 ||| FLEEEEING.
  9642 | Lair:4   | 9642 ||| FLEEEEING.
  9645 | Lair:4   | 9645 ||| STAIRDANCE
  9771 | Lair:4   | 9771 ||| INVOKING Heroism.
  9797 | Lair:4   | Reached skill level 16 in Ranged Weapons
 10171 | Lair:4   | 10171 ||| INVOKING Heroism.
 10172 | Lair:4   | 10172 ||| INVOKING Finesse.
 10371 | Lair:4   | Found a viscous altar of Jiyva.
 10371 | Lair:4   | Found a staircase to the Slime Pits.
 10504 | Lair:5   | Entered Level 5 of the Lair of Beasts
 10514 | Lair:5   | 10514 ||| STAIRDANCE
 10658 | Lair:5   | 10658 ||| STAIRDANCE
 10801 | Lair:5   | 10801 ||| STAIRDANCE
 10805 | Lair:4   | 10805 ||| INVOKING Heroism.
 11052 | Lair:5   | Reached skill level 6 in Dodging
 11055 | Lair:5   | Received a gift from Okawaru
 11076 | Lair:5   | 11076 ||| INVOKING Heroism.
 11092 | Lair:5   | 11092 ||| READING scroll of enchant armour.
 11092 | Lair:5   | 11092 ||| ENCHANTING +0 helmet.
 11174 | Lair:5   | 11174 ||| INVOKING Heroism.
 11265 | Lair:5   | 11265 ||| INVOKING Heroism.
 11278 | Lair:5   | 11278 ||| INVOKING Finesse.
 11341 | Lair:5   | 11341 ||| INVOKING Heroism.
 11347 | Lair:5   | Reached skill level 17 in Ranged Weapons
 11444 | Lair:5   | 11444 ||| READING scroll of brand weapon.
 11444 | Lair:5   | 11444 ||| BRANDING +3 arbalest of freezing.
 11477 | Lair:5   | Reached skill level 6 in Armour
 11855 | Lair:5   | 11855 ||| INVOKING Heroism.
 11909 | Lair:5   | 11909 ||| INVOKING Heroism.
 11933 | Lair:5   | 11933 ||| READING scroll of enchant weapon.
 11933 | Lair:5   | 11933 ||| ENCHANTING +3 arbalest of draining.
 11950 | Lair:5   | Gained mutation: Your large and strong wings let you fly.
                  | [Gargoyle growth]
 11950 | Lair:5   | Reached XP level 14. HP: 90/90 MP: 21/21
 12004 | Lair:5   | 12004 ||| INVOKING Heroism.
 12005 | Lair:5   | 12005 ||| Stepping ~*~*~tactically~*~*~ (outnumbered).
 12012 | Lair:5   | HP: 22/90 [smoke demon/divine providence (14)]
 12013 | Lair:5   | 12013 ||| READING 9 scrolls of teleportation.
 12505 | Lair:5   | 12505 ||| Stepping ~*~*~tactically~*~*~ (outnumbered).
 12513 | Lair:5   | 12513 ||| INVOKING Heroism.
 12515 | Lair:5   | Reached skill level 18 in Ranged Weapons
 12522 | Lair:5   | 12522 ||| INVOKING Finesse.
 12568 | Lair:5   | 12568 ||| INVOKING Heroism.
 12664 | Lair:5   | Found a corrupted altar of Lugonu.
 12664 | Lair:5   | Found a one-way gate to the infinite horrors of the Abyss.
 12704 | Lair:5   | 12704 ||| PLANNING D:1-11
 12704 | Lair:5   | 12704 ||| UPGRADING to +2 pair of boots of stealth.
 12709 | Lair:5   | 12709 ||| READING scroll labelled OMAVUAHIHE.
 13007 | D:9      | Identified the +9 orcbow "Utiufosi" {drain, Will+ Str+2
                  | Int+2 Dex+2} (Okawaru gifted it to you on level 9 of the
                  | Dungeon)
 13007 | D:9      | Received a gift from Okawaru
 13009 | D:9      | 13009 ||| SWAPPING to +9 orcbow "Utiufosi" {drain, Will+
                  | Str+2 Int+2 Dex+2}.
 13010 | D:9      | 13010 ||| DROPPING +4 arbalest of draining.
 13099 | D:9      | Found a stormy altar of Qazlal.
 13195 | D:9      | 13195 ||| Stepping ~*~*~tactically~*~*~ (outnumbered).
 13199 | D:9      | 13199 ||| Stepping ~*~*~tactically~*~*~ (outnumbered).
 13404 | D:9      | 13404 ||| DROPPING +1 hat.
 13437 | D:10     | Entered Level 10 of the Dungeon
 13447 | D:10     | Found Eppodgh's Armour Emporium.
 13456 | D:10     | 13456 ||| BUYING +1 leather armour of poison resistance
                  | (187 gold).
 13456 | D:10     | Bought a +1 leather armour of poison resistance for 187
                  | gold pieces
 13456 | D:10     | 13456 ||| SHOPLISTING +1 pair of boots of Ygoshuimm {rPois
                  | rF++ rCorr Dex-3} (637 gold, have 499).
 13683 | D:10     | 13683 ||| Stepping ~*~*~tactically~*~*~ (outnumbered).
 13686 | D:10     | 13686 ||| Stepping ~*~*~tactically~*~*~ (outnumbered).
 13688 | D:10     | 13688 ||| Stepping ~*~*~tactically~*~*~ (outnumbered).
 13691 | D:10     | 13691 ||| Stepping ~*~*~tactically~*~*~ (outnumbered).
 13692 | D:10     | 13692 ||| Stepping ~*~*~tactically~*~*~ (outnumbered).
 14060 | D:10     | 14060 ||| UPGRADING to +1 leather armour of poison
                  | resistance.
 14070 | D:10     | 14070 ||| DROPPING +0 ring mail.
 14071 | D:10     | 14071 ||| UPGRADING to +0 cloak.
 14076 | D:10     | 14076 ||| DROPPING ring of ice.
 14132 | D:11     | Found Hisox's Weapon Emporium.
 14134 | D:11     | Found a staircase to the Orcish Mines.
 14182 | D:11     | 14182 ||| FLEEEEING.
 14183 | D:11     | 14183 ||| FLEEEEING.
 14184 | D:11     | 14184 ||| FLEEEEING.
 14196 | D:11     | 14196 ||| FLEEEEING.
 14197 | D:11     | 14197 ||| FLEEEEING.
 14198 | D:11     | 14198 ||| FLEEEEING.
 14199 | D:11     | 14199 ||| FLEEEEING.
 14200 | D:11     | 14200 ||| FLEEEEING.
 14285 | D:11     | Noticed Sonja
 14286 | D:11     | 14286 ||| INVOKING Finesse.
 14288 | D:11     | Killed Sonja
 14468 | D:11     | Identified the +2 leather armour of the Bulwark {+Inv}
 14542 | D:11     | Found a transporter.
 14543 | D:11     | Noticed qw's ghost (journeyman MiHs)
 14544 | D:11     | Found a transporter.
 14549 | D:11     | Identified the +4 giant spiked club of the Egg {drain,
                  | rPois Will+ Str+2 Int+3}
 14549 | D:11     | Identified the +1 giant club "Nurgh" {venom, Str+4}
 14553 | D:11     | 14553 ||| READING scroll of enchant armour.
 14553 | D:11     | 14553 ||| ENCHANTING +1 helmet.
 14708 | D:11     | 14708 ||| PLANNING D
 14708 | D:11     | 14708 ||| UPGRADING to +2 leather armour of the Bulwark
                  | {+Inv}.
 14718 | D:11     | 14718 ||| DROPPING +1 leather armour of poison resistance.
 14842 | D:12     | 14842 ||| INVOKING Heroism.
 14966 | D:12     | 14966 ||| FLEEEEING.
 14967 | D:12     | 14967 ||| FLEEEEING.
 14968 | D:12     | 14968 ||| FLEEEEING.
 14969 | D:12     | 14969 ||| FLEEEEING.
 14970 | D:12     | 14970 ||| FLEEEEING.
 14971 | D:12     | 14971 ||| FLEEEEING.
 14980 | D:12     | Reached skill level 12 in Fighting
 15063 | D:12     | Received a gift from Okawaru
 15923 | D:13     | Found a gate to the Vaults.
 16101 | D:13     | Identified the scarf of Hirr {+Inv, rElec Dex+3} (Okawaru
                  | gifted it to you on level 13 of the Dungeon)
 16101 | D:13     | Received a gift from Okawaru
 16126 | D:13     | 16126 ||| FLEEEEING.
 16127 | D:13     | 16127 ||| FLEEEEING.
 16128 | D:13     | 16128 ||| FLEEEEING.
 16129 | D:13     | 16129 ||| FLEEEEING.
 16130 | D:13     | 16130 ||| FLEEEEING.
 16131 | D:13     | 16131 ||| FLEEEEING.
 16132 | D:13     | 16132 ||| FLEEEEING.
 16133 | D:13     | 16133 ||| FLEEEEING.
 16134 | D:13     | 16134 ||| FLEEEEING.
 16136 | D:13     | 16136 ||| FLEEEEING.
 16137 | D:13     | 16137 ||| FLEEEEING.
 16138 | D:13     | 16138 ||| FLEEEEING.
 16139 | D:13     | 16139 ||| FLEEEEING.
 16140 | D:13     | 16140 ||| FLEEEEING.
 16141 | D:13     | 16141 ||| STAIRDANCE
 16175 | D:12     | 16175 ||| READING 10 scrolls of identify.
 16175 | D:12     | 16175 ||| IDENTIFYING golden potion
 16219 | D:13     | Found the +10 morningstar "Eos" {elec, Halo rElec}
 16223 | D:13     | Identified the +12 scimitar "Leviticus" {pain, rPois rC+}
 16230 | D:13     | 16230 ||| READING 3 scrolls of enchant armour.
 16230 | D:13     | 16230 ||| ENCHANTING +0 cloak.
 16231 | D:13     | 16231 ||| READING 2 scrolls of enchant armour.
 16231 | D:13     | 16231 ||| ENCHANTING +1 cloak.
 16299 | D:13     | 16299 ||| UPGRADING to scarf of Hirr {+Inv, rElec Dex+3}.
 16309 | D:13     | 16309 ||| DROPPING +2 cloak.
 16521 | D:13     | 16521 ||| INVOKING Heroism.
 16530 | D:13     | Reached XP level 15. HP: 98/98 MP: 20/22
 16580 | D:13     | Reached skill level 9 in Dodging
 16760 | D:14     | Found a portal to a secret trove of treasure.
 17033 | D:14     | 17033 ||| INVOKING Heroism.
 17137 | D:14     | Found Reruxua's Tremendous Tomes.
 17172 | D:14     | Identified the +5 ring mail "Pinu" {SInv Stlth+}
 17277 | D:14     | Identified the +10 long sword of Discord {freeze, rN+ Str-3
                  | Int+6 SInv}
 17398 | D:14     | 17398 ||| INVOKING Heroism.
 17529 | D:14     | 17529 ||| UPGRADING to +5 ring mail "Pinu" {SInv Stlth+}.
 17539 | D:14     | 17539 ||| DROPPING +2 leather armour of the Bulwark {+Inv}.
 17540 | D:14     | 17540 ||| DROPPING ring of positive energy.
 17541 | D:14     | 17541 ||| READING 11 scrolls of identify.
 17541 | D:14     | 17541 ||| IDENTIFYING fuming amethyst potion
 17542 | D:14     | 17542 ||| DROPPING potion of berserk rage.
 17588 | D:15     | Entered Level 15 of the Dungeon
 18238 | D:15     | 18238 ||| INVOKING Heroism.
 18308 | D:15     | Found a staircase to the Depths.
 18358 | D:15     | 18358 ||| FLEEEEING.
 18359 | D:15     | 18359 ||| FLEEEEING.
 18360 | D:15     | 18360 ||| FLEEEEING.
 18361 | D:15     | 18361 ||| FLEEEEING.
 18587 | D:15     | 18587 ||| PLANNING ORC
 18711 | Orc:1    | Entered Level 1 of the Orcish Mines
 18712 | Orc:1    | 18712 ||| INVOKING Heroism.
 18713 | Orc:1    | 18713 ||| INVOKING Finesse.
 18904 | Orc:2    | Entered Level 2 of the Orcish Mines
 18943 | Orc:2    | Found a runed translucent gate.
 18944 | Orc:2    | Found a runed translucent gate.
 19012 | Orc:2    | 19012 ||| FLEEEEING.
 19013 | Orc:2    | 19013 ||| FLEEEEING.
 19014 | Orc:2    | 19014 ||| FLEEEEING.
 19014 | Orc:2    | Noticed qw's ghost (adept GrFi)
 19015 | Orc:2    | 19015 ||| FLEEEEING.
 19016 | Orc:2    | 19016 ||| FLEEEEING.
 19017 | Orc:2    | 19017 ||| FLEEEEING.
 19018 | Orc:2    | 19018 ||| FLEEEEING.
 19019 | Orc:2    | 19019 ||| FLEEEEING.
 19020 | Orc:2    | 19020 ||| FLEEEEING.
 19021 | Orc:2    | 19021 ||| FLEEEEING.
 19022 | Orc:2    | 19022 ||| FLEEEEING.
 19023 | Orc:2    | 19023 ||| FLEEEEING.
 19024 | Orc:2    | 19024 ||| STAIRDANCE
 19084 | Orc:2    | Noticed Saint Roka
 19085 | Orc:2    | 19085 ||| INVOKING Heroism.
 19086 | Orc:2    | 19086 ||| INVOKING Finesse.
 19097 | Orc:2    | Killed Saint Roka
 19151 | Orc:1    | 19151 ||| INVOKING Heroism.
 19223 | Orc:1    | 19223 ||| INVOKING Heroism.
 19424 | Orc:1    | Found Zuam's Magic Scroll Shoppe.
 19427 | Orc:1    | 19427 ||| BUYING scroll of enchant weapon (127 gold).
 19427 | Orc:1    | Bought a scroll of enchant weapon for 127 gold pieces
 19446 | Orc:2    | 19446 ||| Stepping ~*~*~tactically~*~*~ (outnumbered).
 19475 | Orc:2    | 19475 ||| INVOKING Heroism.
 19583 | Orc:2    | Reached skill level 9 in Armour
 19583 | Orc:2    | 19583 ||| INVOKING Heroism.
 19625 | Orc:2    | 19625 ||| INVOKING Heroism.
 19722 | Orc:2    | 19722 ||| Stepping ~*~*~tactically~*~*~ (outnumbered).
 19723 | Orc:2    | 19723 ||| Stepping ~*~*~tactically~*~*~ (outnumbered).
 19725 | Orc:2    | 19725 ||| INVOKING Heroism.
 19730 | Orc:2    | 19730 ||| Stepping ~*~*~tactically~*~*~ (outnumbered).
 19733 | Orc:2    | 19733 ||| Stepping ~*~*~tactically~*~*~ (outnumbered).
 19738 | Orc:2    | 19738 ||| Stepping ~*~*~tactically~*~*~ (outnumbered).
 19831 | Orc:2    | 19831 ||| Stepping ~*~*~tactically~*~*~ (outnumbered).
 19834 | Orc:2    | 19834 ||| INVOKING Heroism.
 19885 | Orc:2    | Found Cyorer's Distillery.
 19885 | Orc:2    | Found Qibymie's Magic Scroll Emporium.
 19887 | Orc:2    | Found Peapadi's Distillery.
 19887 | Orc:2    | Found Methroe's Assorted Antiques.
 19893 | Orc:2    | 19893 ||| BUYING 3 scrolls of teleportation (99 gold).
 19893 | Orc:2    | Bought 3 scrolls of teleportation for 99 gold pieces
 19893 | Orc:2    | 19893 ||| BUYING scroll of teleportation (33 gold).
 19893 | Orc:2    | Bought a scroll of teleportation for 33 gold pieces
 19896 | Orc:2    | 19896 ||| BUYING potion of haste (130 gold).
 19896 | Orc:2    | Bought a potion of haste for 130 gold pieces
 19896 | Orc:2    | 19896 ||| BUYING potion of haste (130 gold).
 19896 | Orc:2    | Bought a potion of haste for 130 gold pieces
 19896 | Orc:2    | 19896 ||| BUYING potion of heal wounds (65 gold).
 19896 | Orc:2    | Bought a potion of heal wounds for 65 gold pieces
 19896 | Orc:2    | 19896 ||| BUYING potion of heal wounds (65 gold).
 19896 | Orc:2    | Bought a potion of heal wounds for 65 gold pieces
 19896 | Orc:2    | 19896 ||| BUYING potion of heal wounds (65 gold).
 19896 | Orc:2    | Bought a potion of heal wounds for 65 gold pieces
 19896 | Orc:2    | 19896 ||| BUYING potion of might (52 gold).
 19896 | Orc:2    | Bought a potion of might for 52 gold pieces
 19896 | Orc:2    | 19896 ||| BUYING potion of mutation (104 gold).
 19896 | Orc:2    | Bought a potion of mutation for 104 gold pieces
 19899 | Orc:2    | 19899 ||| BUYING potion of curing (42 gold).
 19899 | Orc:2    | Bought a potion of curing for 42 gold pieces
 19899 | Orc:2    | 19899 ||| BUYING potion of curing (42 gold).
 19899 | Orc:2    | Bought a potion of curing for 42 gold pieces
 19899 | Orc:2    | 19899 ||| BUYING potion of enlightenment (70 gold).
 19899 | Orc:2    | Bought a potion of enlightenment for 70 gold pieces
 19899 | Orc:2    | 19899 ||| BUYING potion of haste (140 gold).
 19899 | Orc:2    | Bought a potion of haste for 140 gold pieces
 19924 | Orc:2    | 19924 ||| INVOKING Heroism.
 19933 | Orc:2    | Reached skill level 15 in Fighting
 19946 | Orc:2    | Found a staircase to the Elven Halls.
 19961 | Orc:2    | Found a runed translucent gate.
 20199 | Orc:2    | 20199 ||| PLANNING SNAKE:1-3
 20318 | Snake:1  | Entered Level 1 of the Snake Pit
 20318 | Snake:1  | You are sucked into a shaft and drop 1 floor!
 20328 | Snake:2  | Noticed Aizul
 20328 | Snake:2  | 20328 ||| INVOKING Heroism.
 20329 | Snake:2  | 20329 ||| INVOKING Finesse.
 20346 | Snake:2  | Reached XP level 16. HP: 46/108 MP: 16/23
 20352 | Snake:2  | Noticed a nagaraja
 20352 | Snake:2  | HP: 25/108 [naga/+0 glaive (14)]
 20353 | Snake:2  | 20353 ||| READING 16 scrolls of teleportation.
 20354 | Snake:2  | 20354 ||| DRINKING 5 potions of heal wounds.
 20357 | Snake:2  | HP: 25/108 [salamander/+4 vampiric halberd (14)]
 20358 | Snake:2  | 20358 ||| DRINKING 4 potions of heal wounds.
 20359 | Snake:2  | 20359 ||| DRINKING 3 potions of heal wounds.
 20372 | Snake:2  | Killed Aizul
 20372 | Snake:2  | Received a gift from Okawaru
 20372 | Snake:2  | HP: 24/108 [nagaraja/+0 halberd (23)]
 20373 | Snake:2  | 20373 ||| DRINKING 2 potions of heal wounds.
 20378 | Snake:2  | HP: 26/108 [salamander (14)]
 20379 | Snake:2  | 20379 ||| DRINKING potion of heal wounds.
 20385 | Snake:2  | HP: 20/108 [nagaraja/+0 halberd (13)]
 20386 | Snake:2  | HP: 1/108 [nagaraja/+0 halberd (19)]
 20391 | Snake:2  | Demolished by a nagaraja

Levels and vault maps discovered:
D:1:      lightli_arrival_maybe_door_vault, layout_basic
D:2:      layout_basic, serial_shops, shop, nicolae_elevator_lobby_plus
D:3:      layout_basic, hellmonk_ecumenical_altar_lost_god
D:4:      layout_basic, enter_ossuary_2
D:5:      layout_loops_ring, overflow_temple_1_default,
          nicolae_wu_jian_immortal_techniques, temple_doors_ab
D:6:      layout_basic, uniq_sigmund, uniq_edmund, uniq_prince_ribbit1,
          uniq_eustachio
D:7:      layout_cave_pods, kennysheep_minor_cross, st_stairs_14
D:8:      layout_loops_ring, slow_altar_1, grunt_gozag_breadcrumbs,
          lemuel_tele_altar, grunt_lair_entry_orc_guard_hut,
          grunt_decor_one_mirror, nicolae_figureground_sparkle
D:9:      layout_cave_pools, nicolae_qazlal_scattered_showers, the_hattery
D:10:     layout_gridville, serial_shops, shop, grunt_ministairs_9
D:11:     layout_roguey, orc_david_3, gammafunk_ghost_smash, serial_demonic,
          serial_demonic_d, serial_demonic_d, serial_demonic_a,
          serial_demonic_e, uniq_sonja
D:12:     layout_layer_cave, minmay_statues_item
D:13:     layout_roguey, david_vaults_5, laboratory
D:14:     layout_irregular_city, moated_statue, nicolae_trove_entry_crossroad,
          nicolae_shop_i_like_big_books, kennysheep_generic_room_16
D:15:     grunt_enter_depths_magical_seal, layout_loops_corners, serial_glass,
          glass_columns_a, glass_columns_b, minmay_hedge_maze
Temple:   nicolae_temple_bog_church
Lair:1:   layout_gridlike, beast_lair_carwin_11
Lair:2:   layout_cave_shapes, guppyfry_snake_entry_garden,
          kennysheep_abandoned_house
Lair:3:   layout_regular_city, minmay_swamp_entry_worms, beast_lair_carwin_4
Lair:4:   layout_gridlike, dpeg_slime_entry_corner,
          hellmonk_ghost_happy_afterlife, chequers_serial_rivers_large_a,
          infiniplex_staircase_pool_2
Lair:5:   hellmonk_lair_end_abyssal_woods, layout_cave_pods
Snake:1:  layout_layer_cave, serial_shops, shop, basic_altar,
          hangedman_feature_mirror, drop_trap, grunt_megastairs_1
Snake:2:  layout_rooms, uniq_aizul
Orc:1:    layout_caves, serial_shops, nicolae_shop_rolled_up,
          statue_in_the_mist_lemuel
Orc:2:    grunt_orc_tribal_feast, layout_caves, gammafunk_ghost_split,
          uniq_saint_roka

Skill      XL: |  1  2  3  4  5  6  7  8  9 10 11 12 13 14 15 |
---------------+----------------------------------------------+-----
Ranged Weapons | 3 4 5 6 8 9 10 12 14 15 17 18 | 18.0
Fighting       | 2 3 4 6 7 8 10 11 13 15 | 15.7
Armour         | 1 3 4 5 6 9 |  9.0
Dodging        | 2 3 4 5 6 8 10 | 10.0
Invocations    | 4 6 9 10 | 10.0
Spellcasting   | |  1.0
Hexes          | |  2.6

Action                     |  1- 3 |  4- 6 |  7- 9 | 10-12 | 13-15 | 16-18 || total
---------------------------+-------+-------+-------+-------+-------+-------++-------
   Fire: Sling             |    60 |       |       |       |       |       ||    60
         Arbalest          |    52 |   173 |   157 |   323 |   315 |       ||  1020
         Orcbow            |       |       |       |       |   819 |    40 ||   859
 Invoke: Heroism           |       |       |     5 |    27 |    28 |       ||    60
         Finesse           |       |       |       |       |     7 |       ||     7
    Use: Scroll            |     3 |    13 |     2 |     8 |    11 |     1 ||    38
         Potion            |       |     2 |     3 |     5 |       |     5 ||    15
 Armour: Robe              |    13 |       |       |       |       |       ||    13
         Ring mail         |       |    45 |    20 |    86 |   131 |    12 ||   294
         Leather armour    |       |       |       |       |    23 |       ||    23
  Dodge: Dodged            |    34 |   104 |    44 |   219 |   540 |    92 ||  1033

Table legend:
 A = Non-vault XP
 B = Vault XP
 C = Vault XP percentage of total XP
 D = Non-vault monster count
 E = Vault monster count
 F = Vault count percentage of total count
                 A         B        C        D         E       F
            +---------+---------+-------+---------+---------+-------
      Total |   93587 |   39419 |  29.6 |     448 |     232 |  34.1
            +---------+---------+-------+---------+---------+-------
        D:1 |      38 |       0 |   0.0 |      20 |       0 |   0.0
        D:2 |      57 |       0 |   0.0 |      20 |       0 |   0.0
        D:3 |      35 |       0 |   0.0 |      18 |       0 |   0.0
        D:4 |     609 |       0 |   0.0 |      15 |       0 |   0.0
        D:5 |     430 |       0 |   0.0 |      10 |       0 |   0.0
        D:6 |     625 |     844 |  57.5 |       7 |       4 |  36.4
        D:7 |    1155 |     201 |  14.8 |      27 |       2 |   6.9
        D:8 |     419 |     467 |  52.7 |       9 |       6 |  40.0
        D:9 |     640 |     215 |  25.1 |      10 |       1 |   9.1
       D:10 |    1445 |     533 |  26.9 |      14 |       7 |  33.3
       D:11 |    2518 |    2080 |  45.2 |      12 |      17 |  58.6
       D:12 |    7891 |       0 |   0.0 |      24 |       0 |   0.0
       D:13 |    5905 |    4530 |  43.4 |      17 |      14 |  45.2
       D:14 |    8109 |     813 |   9.1 |      21 |       2 |   8.7
       D:15 |    5114 |    4791 |  48.4 |       8 |      10 |  55.6
     Lair:1 |    5259 |     737 |  12.3 |      25 |       7 |  21.9
     Lair:2 |    6897 |    1148 |  14.3 |      24 |      16 |  40.0
     Lair:3 |    7457 |     875 |  10.5 |      25 |       4 |  13.8
     Lair:4 |   11285 |       0 |   0.0 |      32 |       0 |   0.0
     Lair:5 |   13511 |   10219 |  43.1 |      39 |      36 |  48.0
    Snake:2 |    5798 |    1370 |  19.1 |      14 |       1 |   6.7
      Orc:1 |    4893 |       0 |   0.0 |      30 |       0 |   0.0
      Orc:2 |    3497 |   10495 |  75.0 |      27 |      40 |  59.7
    Ossuary |       0 |     101 | 100.0 |       0 |      65 | 100.0
            +---------+---------+-------+---------+---------+-------
